 Dungeon Crawl Stone Soup version 0.31-a0-187-gba352fbbf7 (webtiles) character file.

Game seed: 4225621056591448152

55510 benadryl the Severer (level 14, -6/88 HPs)
             Began as a Gargoyle Fighter on June 21, 2023.
             Was a High Priest of Hepliaklqana.
             Mangled by a komodo dragon (22 damage)
             ... on level 5 of the Lair of Beasts on June 22, 2023.
             The game lasted 00:28:24 (18312 turns).

benadryl the Severer (Gargoyle Fighter)            Turns: 18312, Time: 00:28:24

Health: -6/88      AC: 33    Str: 25    XL:     14   Next: 77%
Magic:  17/17      EV: 15    Int:  9    God:    Hepliaklqana [*****.]
Gold:   1230       SH:  6    Dex:  9    Spells: 13/13 levels left

rFire   + + .        a - +0 war axe (venom)
rCold   . . .        c - +0 buckler
rNeg    + + .        P - +2 chain mail {rF+}
rPois   ∞            n - +1 helmet
rElec   +            O - +2 cloak {rF+}
rCorr   .            R - +2 pair of gloves {hurl}
SInv    .            (no boots)
Will    ++...        v - amulet of the acrobat Stlth
                     S - ring "Buolasuxof" {rN+ Will+ Stlth+}
HPRegen 0.34/turn    h - +5 ring of evasion
MPRegen 0.15/turn

%: acrobat
@: flying, studying Fighting
A: reduced essence, sickness immunity, AC +10, big wings, negative energy
resistance 1, electricity resistance, torment resistance 1, petrification
resistance
a: Renounce Religion, Recall Ancestor, Ancestor Identity, Transference, Idealise


You were on level 5 of the Lair of Beasts.
You worshipped Hepliaklqana.
Hepliaklqana was extremely pleased with you.
You visited 3 branches of the dungeon, and saw 18 of its levels.
You also visited: Gauntlet and Volcano.

You collected 1230 gold pieces.

Inventory:

Hand Weapons
 a - a +0 war axe of venom (weapon)
Missiles
 m - 5 silver javelins
 C - a throwing net (quivered)
Armour
 c - a +0 buckler (worn)
 n - a +1 helmet (worn)
 E - a +0 cloak of preservation
 O - a +2 cloak of fire resistance (worn)
 P - a +2 chain mail of fire resistance (worn)
 R - a +2 pair of gloves of hurling (worn)
Jewellery
 h - a +5 ring of evasion (right hand)
 r - a +6 ring of dexterity
 v - an amulet of the acrobat (around neck)
 L - an amulet of faith
 N - a ring of resist corrosion
 S - the ring "Buolasuxof" (left hand) {rN+ Will+ Stlth+}
   (You found it on level 5 of the Lair of Beasts)

   [ring of positive energy]

   rN:        It protects you from negative energy.
   Will:      It increases your willpower.
   Stlth:     It makes you more stealthy.
Wands
 b - a wand of iceblast (17)
 f - a wand of quicksilver (26)
 t - a wand of mindburst (11)
 D - a wand of digging (3)
 F - a wand of polymorph (8)
 I - a wand of flame (15)
 M - a wand of charming (17)
Scrolls
 i - a scroll of summoning
 j - 2 scrolls of fear
 o - 2 scrolls of blinking
 q - 4 scrolls of teleportation
 u - 2 scrolls of amnesia
 w - a scroll of identify {@r1}
 y - a scroll of enchant armour
 z - 2 scrolls of poison
 Q - 3 scrolls of brand weapon
Potions
 d - 6 potions of lignification
 e - 2 potions of berserk rage
 g - 4 potions of resistance
 k - 2 potions of magic
 l - a potion of mutation
 p - 10 potions of curing {@q1}
 s - 3 potions of heal wounds
 x - 2 potions of might
 A - 2 potions of attraction
 B - 2 potions of invisibility {unknown}
 G - a potion of brilliance {unknown}
 H - 2 potions of ambrosia {unknown}
 J - a potion of haste
 K - a potion of enlightenment {unknown}


   Skills:
 * Level 15.4 Fighting
 - Level 16.0 Axes
 - Level 10.0 Armour
 - Level 5.4 Dodging
 - Level 10.0 Shields
 - Level 5.0 Invocations


You had 13 spell levels left.
You didn't know any spells.
Your spell library contained the following spells:

 Spells                   Type           Power      Damage    Failure   Level
 Sandblast                Erth           0%         2d4       88%         1
 Passwall                 Tmut/Erth      0%         N/A       96%         2
 Wereblood                Tmut           0%         N/A       96%         2
 Ignite Poison            Fire/Tmut/Pois 0%         N/A       99%         3
 Stone Arrow              Conj/Erth      0%         3d7       99%         3
 Volatile Blastmotes      Fire/Tloc      0%         2d10      99%         3
 Fulminant Prism          Conj/Hex       0%         3d5       100%        4
 Iskenderun's Mystic Bla  Conj/Tloc      0%         2d3       100%        4
 Sticky Flame             Conj/Fire      0%         2d3       100%        4
 Lee's Rapid Deconstruct  Erth           0%         3d4*      100%        5
 Summon Forest            Summ/Tloc      0%         N/A       100%        5
 Summon Mana Viper        Hex/Summ       0%         N/A       100%        5
 Summon Cactus Giant      Summ           0%         N/A       100%        6
 Summon Hydra             Summ           0%         N/A       100%        7
 Ignition                 Fire           0%         3d3       100%        8
 Sublimation of Blood     Necr           Unusable   N/A       N/A         2

Dungeon Overview and Level Annotations

Branches:
Dungeon (12/15)            Temple (1/1) D:4            Lair (5/5) D:8
 Shoals (0/4) Lair:2        Snake (0/4) Lair:2        Slime (0/5) Lair:4
    Orc (0/2) D:9         Volcano (visited)         Gauntlet (visited)

Altars:
Ashenzari
Cheibriados
Dithmenos
Elyvilon
Fedhas
Gozag
Hepliaklqana
Kikubaaqudgha
Makhleb
Nemelex Xobeh
Okawaru
Qazlal
Ru
Sif Muna
Trog
Uskayaw
Vehumet
Wu Jian
Xom
Yredelemnul
Zin
The Shining One
Jiyva

Shops:
D:7 (

Annotations:
D:3 2 transporters, rinse's ghost, amateur OpTm
D:9 Erolcha
Lair:1 exclusion: oklob plant


Innate Abilities, Weirdness & Mutations

Your life essence is reduced to manifest your ancestor. (-10% HP)
You are immune to sickness and miasma.
Your stone body is resilient. (AC +10)
You are immune to poison.
Your large and strong wings let you fly.
You resist negative energy. (rN+)
You are resistant to electric shocks. (rElec)
You are resistant to unholy torment.
You are immune to petrification.


Message History

The elephant trunk-slaps you but does no damage.
You hit the elephant.
The elephant looks as sick as possible!
The elephant is severely wounded.
You hit the elephant.
The elephant looks as sick as possible!
The elephant misses you.
The elephant trunk-slaps you but does no damage.
The elephant tramples you but does no damage.
The elephant barely misses you.
You slice the elephant!!
You kill the elephant!
You hit the elephant but do no damage.
The elephant looks as sick as possible!
You hit the komodo dragon but do no damage.
The komodo dragon is poisoned.
You hit the elephant. The elephant tramples you!
You hold your ground!
The elephant completely misses you.
You closely miss the komodo dragon. You hit the elephant.
You kill the elephant!
The komodo dragon bites you but does no damage.
You barely miss the komodo dragon. The komodo dragon barely misses you.
You hit the komodo dragon but do no damage.
The komodo dragon looks even sicker.
The komodo dragon bites you but does no damage.
You slash the komodo dragon!
The komodo dragon looks as sick as possible!
The komodo dragon is moderately wounded.
You barely miss the komodo dragon.
The komodo dragon is heavily wounded.
The komodo dragon completely misses you.
You barely miss the komodo dragon.
The komodo dragon is heavily wounded.
The komodo dragon bites you!!
* * * LOW HITPOINT WARNING * * *
You hit the komodo dragon but do no damage.
The komodo dragon looks as sick as possible!
The komodo dragon is heavily wounded.
You block the komodo dragon's attack.
You closely miss the komodo dragon.
The komodo dragon is heavily wounded.
The komodo dragon attacks as you move away!
The komodo dragon bites you!!
You die...

.. . . #... .. .####...P.
.##........P ###+.
....[......
#.....#.......... ....#
#.....#l.........
......##8.8.8#@†........
........#.....#††........
.........#..8.##......(...
##
..........###.#.......P...
.#.
..........#P.#.......?((..
#.. ...
#..................... ...
.. ##...........#........
...
#####............#.#......
...
#...#.......^.......#.....
...


You could see a komodo dragon (extremely poisoned).

Vanquished Creatures
  A minotaur (Gauntlet)
  2 hydras
  3 two-headed ogres
  A boulder beetle (D:12)
  6 death yaks
  A fire crab (Gauntlet)
  A manticore (D:11)
  An orc knight (D:12)
  2 torpor snails
  13 elephants
  5 black mambas
  2 gargoyles (Volcano)
  12 cane toads
  9 komodo dragons
  Psyche (D:9)
  2 minotaur zombies (Gauntlet)
  A tengu conjurer (D:12)
  7 rime drakes
  A polar bear (Lair:1)
  2 trolls (D:10)
  3 blink frogs
  A hornet (D:7)
  A shadow (D:12)
  9 fire bats
  42 yaks
  2 fire elementals (Volcano)
  7 wyverns
  4 basilisks
  3 vampire mosquitoes (D:12)
  2 nagas (Lair:2)
  A warg (D:9)
  3 acid dragons
  8 water moccasins
  3 hell hounds (Gauntlet)
  An ice beast (D:4)
  2 orc warriors
  5 black bears
  A sky beast (D:8)
  12 wolves
  3 ogres
  3 centaurs
  A phantom (D:4)
  A kobold brigand (D:6)
  8 bullfrogs
  2 earth elementals (Volcano)
  4 scorpions
  4 wights (D:6)
  3 killer bees (D:9)
  3 howler monkeys (D:8)
  An electric eel (Lair:5)
  3 lava snakes (Volcano)
  4 hounds
  4 orc priests
  2 jellies
  4 iguanas
  10 orc wizards
  A hell rat (D:8)
  Robin (D:2)
  3 gnolls (D:9)
  7 adders
  4 shadow imps
  5 white imps
  5 worms
  4 dart slugs
  30 orcs
  9 ball pythons
  An endoplasm (D:4)
  2 giant cockroaches
  15 goblins
  7 hobgoblins
  6 jackals (D:3)
  7 kobolds
  2 quokkas
  4 bats
  2 frilled lizards (D:2)
  7 rats
365 creatures vanquished.

Vanquished Creatures (collateral kills)
  A stone giant (Volcano)
  A dire elephant (Lair:5)
  2 two-headed ogres
  4 death yaks
  A soul eater (Gauntlet)
  A skyshark (Lair:2)
  A cyclops (D:11)
  An elephant (Lair:5)
  A merfolk siren (Lair:2)
  A gargoyle (D:12)
  2 cane toads
  Maggie (D:9)
  3 komodo dragons
  An efreet (Volcano)
  A polar bear (Lair:4)
  3 blink frogs
  2 fire bats (Volcano)
  8 yaks
  A wyvern (Lair:1)
  A steam dragon (D:9)
  A vampire mosquito (D:12)
  An acid dragon (D:11)
  5 water moccasins
  An orc warrior (D:10)
  5 centaurs
  A wolf (Lair:3)
  2 bullfrogs (Lair:2)
  A scorpion (D:5)
  3 lava snakes (Volcano)
  2 jellies
  An orc priest (D:9)
  5 orc wizards
  A gnoll (D:9)
  3 river rats (D:8)
  5 orcs
  A goblin (D:9)
  2 rats (D:8)
77 creatures vanquished.

Vanquished Creatures (others)
  A gnoll bouda (D:9)
  11 hexers
  2 ancestors
14 creatures vanquished.

Grand Total: 456 creatures vanquished

Notes
Turn   | Place    | Note
-------+----------+-------------------------------------------
     0 | D:1      | benadryl the Gargoyle Fighter began the quest for the Orb.
     0 | D:1      | Reached XP level 1. HP: 14/14 MP: 1/1
   110 | D:1      | Reached skill level 2 in Axes
   159 | D:1      | Reached XP level 2. HP: 19/19 MP: 2/2
   776 | D:2      | Reached XP level 3. HP: 23/24 MP: 3/3
   844 | D:2      | Reached skill level 3 in Axes
   914 | D:2      | Noticed Robin
   930 | D:2      | Killed Robin
   936 | D:2      | Reached XP level 4. HP: 26/29 MP: 4/4
  1503 | D:3      | Found an opulent altar of Gozag.
  1593 | D:3      | Found a transporter.
  1595 | D:3      | Noticed rinse's ghost (amateur OpTm)
  1596 | D:3      | Found a transporter.
  1768 | D:3      | Found a snail-covered altar of Cheibriados.
  1778 | D:3      | Reached XP level 5. HP: 34/34 MP: 5/5
  2045 | D:3      | Found a faded altar of an unknown god.
  2258 | D:4      | Reached skill level 4 in Axes
  2266 | D:4      | Found a staircase to the Ecumenical Temple.
  2273 | D:4      | Noticed a black bear
  2274 | D:4      | Noticed a phantom
  2281 | D:4      | Killed a black bear
  2282 | D:4      | Reached skill level 5 in Fighting
  2282 | D:4      | Reached XP level 6. HP: 36/40 MP: 6/6
  2286 | D:4      | Reached skill level 5 in Axes
  2292 | Temple   | Entered the Ecumenical Temple
  2341 | Temple   | Became a worshipper of Hepliaklqana the Forgotten
  2374 | D:4      | Noticed an ice beast
  2389 | D:4      | Killed an ice beast
  2390 | D:4      | Reached XP level 7. HP: 5/44 MP: 7/7
  2974 | D:4      | You fall into a shaft and drop 1 floor!
  2974 | D:5      | Entered Level 5 of the Dungeon
  3007 | D:5      | Reached skill level 6 in Axes
  3142 | D:5      | Reached * piety under Hepliaklqana
  3202 | D:5      | Reached XP level 8. HP: 46/46 MP: 8/8
  3266 | D:5      | Reached skill level 7 in Axes
  3473 | D:5      | Found a burning altar of Makhleb.
  3473 | D:5      | Found a glowing silver altar of Zin.
  3474 | D:5      | Noticed an angel
  3474 | D:5      | Noticed an Executioner
  3629 | D:5      | Found a sacrificial altar of Ru.
  4115 | D:6      | Found a white marble altar of Elyvilon.
  4133 | D:6      | Reached skill level 8 in Axes
  4190 | D:6      | Found an iron altar of Okawaru.
  4532 | D:6      | Reached XP level 9. HP: 42/53 MP: 9/9
  4544 | D:6      | Found a glowing golden altar of the Shining One.
  4816 | D:6      | Reached skill level 9 in Axes
  5101 | D:6      | Found an ornate altar of the Wu Jian Council.
  5103 | D:6      | Upgraded the game from 0.31-a0-182-gc5ef74bbde to
                  | 0.31-a0-187-gba352fbbf7
  5146 | D:7      | Reached ** piety under Hepliaklqana
  5147 | D:7      | Remembered your ancestor Stinky as a hexer
  5152 | D:7      | Found Rel Kal's Weapon Shop.
  5278 | D:7      | Identified the +1 leather armour "Huygeas" {*Corrode rPois
                  | rC+ Dex+2}
  5367 | D:7      | Found a broken altar of Ashenzari.
  5506 | D:7      | Noticed a hornet
  5510 | D:7      | Killed a hornet
  6067 | D:8      | Reached skill level 10 in Axes
  6143 | D:8      | Reached XP level 10. HP: 17/59 MP: 10/10
  6551 | D:8      | Noticed a death yak
  6553 | D:8      | Noticed a death yak
  6554 | D:8      | Noticed a death yak
  6568 | D:8      | Killed a death yak
  6569 | D:8      | Reached skill level 11 in Axes
  6579 | D:8      | Killed a death yak
  6580 | D:8      | Reached skill level 10 in Fighting
  6581 | D:8      | Found a staircase to the Lair.
  6593 | D:8      | Killed a death yak
  6852 | D:8      | Noticed a two-headed ogre
  6863 | D:8      | Killed a two-headed ogre
  6864 | D:8      | Reached skill level 12 in Axes
  6965 | D:8      | Noticed a two-headed ogre
  6976 | D:8      | Killed a two-headed ogre
  6977 | D:8      | Reached XP level 11. HP: 49/66 MP: 11/11
  7492 | D:9      | Noticed Maggie
  7500 | D:9      | Killed Maggie
  7586 | D:9      | Found a staircase to the Orcish Mines.
  7595 | D:9      | Reached *** piety under Hepliaklqana
  7619 | D:9      | Noticed Psyche
  7628 | D:9      | Killed Psyche
  7915 | D:9      | Noticed Erolcha
  7994 | D:10     | Entered Level 10 of the Dungeon
  8039 | D:10     | Reached skill level 13 in Axes
  8230 | D:10     | Found a shimmering altar of Xom.
  8239 | D:10     | Found a shimmering altar of Xom.
  8240 | D:10     | Found a shimmering altar of Xom.
  8851 | D:11     | Noticed a manticore
  8859 | D:11     | Killed a manticore
  9107 | D:11     | Reached **** piety under Hepliaklqana
  9148 | D:11     | Identified a scroll of acquirement
  9148 | D:11     | Acquired a +0 cloak of preservation
  9423 | D:11     | Noticed a two-headed ogre
  9432 | D:11     | Killed a two-headed ogre
  9433 | D:11     | Reached skill level 14 in Axes
  9600 | D:11     | Noticed a cyclops
  9609 | D:11     | Killed a cyclops
  9706 | D:11     | Noticed a two-headed ogre
  9717 | D:11     | Killed a two-headed ogre
  9819 | D:12     | Reached XP level 12. HP: 72/72 MP: 12/12
  9821 | D:12     | Noticed a boulder beetle
  9821 | D:12     | Noticed a two-headed ogre
  9827 | D:12     | Killed a two-headed ogre
  9839 | D:12     | Killed a boulder beetle
  9974 | D:12     | Reached skill level 15 in Axes
 10060 | D:12     | Noticed an entropy weaver
 10060 | D:12     | Noticed a centaur warrior
 10063 | D:12     | Noticed a boulder beetle
 10067 | D:12     | Noticed an entropy weaver
 10457 | Lair:1   | Entered Level 1 of the Lair of Beasts
 10582 | Lair:1   | Reached skill level 16 in Axes
 10582 | Lair:1   | Reached skill level 1 in Invocations
 11280 | Lair:1   | Reached ***** piety under Hepliaklqana
 11460 | Lair:1   | Found a blossoming altar of Fedhas.
 11654 | Lair:2   | Noticed a seven-headed hydra
 11675 | Lair:2   | Killed a 16-headed hydra
 11676 | Lair:2   | Reached skill level 5 in Invocations
 11893 | Lair:2   | Reached skill level 5 in Armour
 12017 | Lair:2   | Noticed a death yak
 12017 | Lair:2   | Noticed a death yak
 12017 | Lair:2   | Noticed a death yak
 12019 | Lair:2   | Noticed a death yak
 12022 | Lair:2   | Noticed a death yak
 12026 | Lair:2   | Noticed a death yak
 12205 | Lair:1   | Killed a death yak
 12206 | Lair:1   | Reached XP level 13. HP: 66/77 MP: 13/16
 13360 | Lair:2   | Found a staircase to the Shoals.
 13521 | Lair:2   | Found a staircase to the Snake Pit.
 13575 | Lair:2   | Reached skill level 10 in Armour
 13887 | Lair:3   | Reached skill level 5 in Shields
 14437 | Lair:3   | Found a dark tunnel.
 14442 | Volcano  | Entered a volcano
 14872 | Volcano  | Found a radiant altar of Vehumet.
 14972 | Volcano  | Noticed a stone giant
 14984 | Volcano  | Killed a stone giant
 15859 | Lair:4   | Found a viscous altar of Jiyva.
 15859 | Lair:4   | Found a staircase to the Slime Pits.
 15891 | Lair:4   | Gained mutation: Your large and strong wings let you fly.
                  | [Gargoyle growth]
 15891 | Lair:4   | Reached XP level 14. HP: 58/82 MP: 17/17
 15987 | Lair:4   | Reached skill level 10 in Shields
 15991 | Lair:4   | Reached skill level 1 in Dodging
 16396 | Lair:5   | Entered Level 5 of the Lair of Beasts
 16443 | Lair:5   | Found a gate leading to a gauntlet.
 16453 | Gauntlet | Entered a Gauntlet
 16453 | Gauntlet | Found a transporter.
 16453 | Gauntlet | Found a transporter.
 16455 | Gauntlet | Found a transporter.
 16458 | Gauntlet | Found a transporter.
 16459 | Gauntlet | Found a transporter.
 16459 | Gauntlet | Found a transporter.
 16492 | Gauntlet | Found a transporter.
 16496 | Gauntlet | Found a transporter.
 16504 | Gauntlet | Found a transporter.
 16520 | Gauntlet | Found a transporter.
 16537 | Gauntlet | Found a transporter.
 16538 | Gauntlet | Found a transporter.
 17501 | Gauntlet | Reached skill level 5 in Dodging
 17503 | Gauntlet | Identified the ring of Vemuth {Int-5 Dex+4 SInv}
 17873 | Lair:5   | Noticed a dire elephant
 17885 | Lair:5   | Killed a dire elephant
 18176 | Lair:5   | Identified the ring "Buolasuxof" {rN+ Will+ Stlth+}
 18293 | Lair:5   | Reached skill level 15 in Fighting
 18312 | Lair:5   | Mangled by a komodo dragon

Illustrated notes

Levels and vault maps discovered:
D:1:      amcnicky_arrival_underground_garden, layout_basic
D:2:      layout_basic, uniq_robin
D:3:      layout_loops_ring, slow_altar_2, mainiacjoe_overflow_catwalk,
          shapermc_ecumenical_altar_mp_vishouse, gammafunk_ghost_mausoleum,
          hangedman_decor_points, serial_bayou_lake_a
D:4:      layout_cave_pools, minmay_temple_entry_statues_pillars, st_stairs_6,
          kennysheep_cross_bottleneck
D:5:      layout_gridville, grunt_temple_overflow_order_and_chaos_2,
          nicolae_overflow_crystal_walls, minmay_starry_boxes
D:6:      layout_layer_cave, mainiacjoe_overflow_six_doors_small,
          mainiacjoe_overflow_swirl, kennysheep_mini_moat
D:7:      layout_basic, mainiacjoe_overflow_tiny_flanked, serial_shops, shop
D:8:      layout_loops_corners, dpeg_lair_monsters, minmay_misc_feat_plants
D:9:      cheibrodos_helix_gallery, layout_irregular_city, erik_orc_4,
          uniq_psyche, uniq_erolcha, uniq_maurice, uniq_maggie
D:10:     layout_grid_maze, xom_redecorated, kennysheep_generic_room_7
D:11:     layout_small_grid
D:12:     layout_small_grid, minivault_28
Temple:   hellmonk_temple_of_storms
Lair:1:   layout_regular_city, tgw_fedhas, grunt_megastairs_2
Lair:2:   layout_loops_ring, minmay_shoals_entry_lonely_mermaid,
          guppyfry_snake_entry_garden, minivault_25
Lair:3:   layout_gridlike, enter_volcano_4, infiniplex_staircase_pool_2
Lair:4:   layout_gridlike, dpeg_slime_entry_enclosed
Lair:5:   evil_forest, layout_cellular_growth, gauntlet_entry_generic,
          minmay_lair_drake_nest, grunt_megastairs_3, infiniplex_staircase_pool,
          lemuel_fruit_tree, serial_bayou_shore_b

Skill      XL: |  1  2  3  4  5  6  7  8  9 10 11 12 13 14 |
---------------+-------------------------------------------+-----
Axes           | 2 3 4 5 6 8 10 12 14 16 | 16.0
Fighting       | 4 5 6 7 9 11 12 15 | 15.4
Invocations    | 5 |  5.0
Armour         | 6 10 | 10.0
Shields        | 9 10 | 10.0
Dodging        | 5 |  5.4

Action                     |  1- 3 |  4- 6 |  7- 9 | 10-12 | 13-15 || total
---------------------------+-------+-------+-------+-------+-------++-------
  Melee: War axe           |    84 |   125 |   246 |   396 |   567 ||  1418
 Invoke: Ancestor Identity |       |       |     1 |       |       ||     1
         Ancestor Life: He |       |       |     1 |       |       ||     1
         Recall Ancestor   |       |       |       |     2 |     2 ||     4
         Idealise          |       |       |       |     1 |       ||     1
  Evoke: Wand              |       |       |       |     4 |       ||     4
    Use: Scroll            |       |     8 |     9 |     9 |     2 ||    28
         Potion            |       |     1 |       |     3 |     3 ||     7
   Stab: Distracted        |       |       |     3 |     3 |     8 ||    14
         Confused          |       |       |       |    12 |    10 ||    22
 Armour: Scale mail        |    13 |       |       |       |       ||    13
         Chain mail        |    61 |    99 |   169 |   189 |   287 ||   805
  Dodge: Dodged            |    35 |    55 |    86 |   178 |   346 ||   700
  Block: Buckler           |    16 |    27 |    42 |    93 |   144 ||   322

Table legend: (Time is in decaauts)
 A = Elapsed time spent in this place.
 B = Non-inter-level travel time spent in this place.
 C = Inter-level travel time spent in this place.
 D = Time resting spent in this place.
 E = Time spent auto-exploring this place.
 F = Levels seen in this place.
 G = Mean time per level.
                   A        B        C        D        E       F      G
               +--------+--------+--------+--------+--------+-----+--------+
         Total |  18259 |  17471 |    788 |   4431 |   9795 |  20 |  913.0 |
       Dungeon |  10497 |   9890 |    607 |   1347 |   6903 |  12 |  874.8 |
        Temple |     60 |     35 |     25 |      0 |     25 |   1 |   60.0 |
          Lair |   5861 |   5705 |    156 |   1956 |   2867 |   5 | 1172.2 |
       Volcano |    777 |    777 |      0 |    403 |      0 |   1 |  777.0 |
      Gauntlet |   1062 |   1062 |      0 |    725 |      0 |   1 | 1062.0 |
               +--------+--------+--------+--------+--------+-----+--------+

Top non-repeatable levels by time:
  Lair:1: 2441 daAuts
     D:8: 1462 daAuts
     D:6: 1174 daAuts
    D:11: 1125 daAuts
Gauntlet: 1062 daAuts
  Lair:3: 954 daAuts
     D:5: 935 daAuts
  Lair:2: 923 daAuts
     D:2: 913 daAuts
     D:7: 911 daAuts
     D:3: 900 daAuts
    D:10: 850 daAuts
  Lair:5: 800 daAuts
     D:4: 781 daAuts
 Volcano: 777 daAuts
